 Dungeon Crawl Stone Soup version 0.21.1-1-g345015f (webtiles) character file.

261 doot the Conjurer (level 5, -8/28 HPs)
             Began as a Deep Elf Conjurer on Apr 23, 2018.
             Mangled by an ogre
             ... wielding a +0 giant spiked club
              (27 damage)
             ... on level 5 of the Dungeon.
             The game lasted 00:17:38 (4261 turns).

doot the Conjurer (Deep Elf Conjurer)               Turns: 4261, Time: 00:17:39

Health: -8/28      AC:  2    Str:  5    XL:     5   Next: 96%
Magic:  5/14       EV: 13    Int: 24    God:
Gold:   256        SH:  0    Dex: 15    Spells: 0/13 levels left

rFire    . . .     SeeInvis .   u - +3 dagger
rCold    . . .     Gourm    .   (no shield)
rNeg     . . .     Faith    .   l - +0 robe (curse)
rPois    .         Spirit   .   (no helmet)
rElec    .         Reflect  .   (no cloak)
rCorr    .         Harm     .   (no gloves)
MR       .....                  (no boots)
Stlth    ++........             (no amulet)
HPRegen  0.09/turn              r - +3 ring of intelligence
MPRegen  0.14/turn              p - ring of flight

@: no status effects
A: no striking features
a: Evoke Flight


You were on level 5 of the Dungeon.
You were not hungry.

You visited 1 branch of the dungeon, and saw 5 of its levels.

You collected 256 gold pieces.

Inventory:

Hand Weapons
 d - a +0 dagger
 u - a +3 dagger (weapon)
 x - a +0 rapier
Armour
 a - a +0 robe
 l - a cursed +0 robe (worn)
Jewellery
 p - a ring of flight (right hand)
 r - a +3 ring of intelligence (left hand)
 y - an uncursed ring of positive energy {unknown}
Scrolls
 e - a scroll of immolation {unknown}
 f - 3 scrolls of teleportation {unknown}
 i - a scroll of blinking {unknown}
 j - 7 scrolls of identify {unknown}
 k - 4 scrolls of magic mapping {unknown}
 m - 3 scrolls of remove curse {unknown}
 n - a scroll of fear {unknown}
 o - 3 scrolls of enchant armour {unknown}
 t - 2 scrolls of amnesia {unknown}
Potions
 g - 4 potions of curing
 h - a potion of flight {unknown}
 q - 2 potions of mutation {unknown}
 s - a potion of lignification {unknown}
 z - a potion of resistance {unknown}
Books
 b - a book of Conjurations

   Spells                             Type                      Level
   a - Magic Dart                     Conjuration                  1
   b - Searing Ray                    Conjuration                  2
   c - Dazzling Spray                 Conjuration/Hexes            3
   d - Fulminant Prism                Conjuration/Hexes            4
   e - Force Lance                    Conjuration/Translocation    4
   f - Iskenderun's Mystic Blast      Conjuration                  4
 w - a book of Maledictions

   Spells                             Type                      Level
   a - Corona                         Hexes                        1
   b - Ensorcelled Hibernation        Hexes/Ice                    2
   c - Confuse                        Hexes                        3
   d - Tukima's Dance                 Hexes                        3
   e - Dazzling Spray                 Conjuration/Hexes            3
Comestibles
 c - 10 rations


   Skills:
 + Level 2.7 Dodging
 + Level 3.3 Stealth
 + Level 4.8 Spellcasting
 + Level 6.6 Conjurations
 + Level 1.1 Translocations


You couldn't memorise any spells.
You knew the following spells:

 Your Spells              Type           Power        Failure   Level  Hunger
a - Magic Dart            Conj           ####         1%          1    None
b - Searing Ray           Conj           #####.       1%          2    None
c - Dazzling Spray        Conj/Hex       ###...       7%          3    ##.....
d - Force Lance           Conj/Tloc      ###.....     19%         4    ####...
e - Confuse               Hex            #.......     26%         3    ##.....


Dungeon Overview and Level Annotations

Branches:
Dungeon (5/15)
 Temple: D:4-7

Altars:
Makhleb

Annotations:
D:4 inc's ghost, amateur OpEn
D:5 Lovchig's ghost, novice DDFi


Message History

Confirm with . or Enter, or press ? or * to list all spells.
Aiming: Confuse
Press: ? - help, Shift-Dir - straight line, f/p - ogre
Aim: an ogre, wielding a giant spiked club (heavily wounded, chance to defeat MR: 37%)
The ogre easily resists.
The ogre barely misses you.
Your magical contamination has completely faded away.
All of the chunks of flesh in your inventory have rotted away.
There is an open door here.
Casting: Confuse
Confirm with . or Enter, or press ? or * to list all spells.
Aiming: Confuse
Press: ? - help, Shift-Dir - straight line, f/p - ogre
Aim: an ogre, wielding a giant spiked club (moderately wounded, chance to defeat MR: 37%)
The ogre easily resists.
There is an open door here.
There is an open door here.
There is an open door here.
The ogre hits you with a giant spiked club!!
Ouch! That really hurt!
You die...

#.#^...........#
#........ ##...^......##
#........ ##.....^..##
#........ #.#....###
#........ #.#.#.##
#........ #.#+#+####
#...#+#+#
........########...#.#.#
........'............#.#
.....[.@########.#...#.#
........O..#####.#.###.#
.........#.#.....#......
########.#'#.....#+#####
#.................
#................#
#.................
#................#
#........).......#


You could see an ogre.

Vanquished Creatures
  A hound (D:4)
  An orc priest (D:3)
  A centaur skeleton (D:5)
  2 orc wizards (D:3)
  4 adders
  An ooze (D:2)
  An adder skeleton (D:4)
  A worm (D:3)
  3 dart slugs
  2 leopard geckos (D:1)
  8 orcs
  7 giant cockroaches
  5 goblins
  8 hobgoblins
  2 jackals (D:2)
  2 quokkas (D:3)
  A ball python (D:2)
  A bat (D:1)
  3 frilled lizards
  4 kobolds
  6 rats
64 creatures vanquished.

Notes
Turn   | Place    | Note
-------+----------+-------------------------------------------
     0 | D:1      | doot the Deep Elf Conjurer began the quest for the Orb.
     0 | D:1      | Reached XP level 1. HP: 10/10 MP: 6/6
   395 | D:1      | Reached XP level 2. HP: 15/15 MP: 4/8
   399 | D:1      | Learned a level 2 spell: Searing Ray
   465 | D:1      | Reached skill level 5 in Conjurations
  1222 | D:2      | Reached XP level 3. HP: 19/19 MP: 4/9
  1227 | D:2      | Learned a level 3 spell: Dazzling Spray
  1713 | D:3      | Reached XP level 4. HP: 24/24 MP: 7/11
  1747 | D:3      | Learned a level 4 spell: Force Lance
  2066 | D:3      | Reached skill level 6 in Conjurations
  2339 | D:3      | Reached XP level 5. HP: 5/28 MP: 0/13
  2648 | D:3      | Noticed a spatial vortex
  2900 | D:4      | Found a burning altar of Makhleb.
  2912 | D:4      | Noticed inc's ghost (amateur OpEn)
  3394 | D:5      | Entered Level 5 of the Dungeon
  3810 | D:5      | Reached skill level 1 in Translocations
  3993 | D:5      | Learned a level 3 spell: Confuse
  4147 | D:5      | Noticed Lovchig's ghost (novice DDFi)
  4166 | D:5      | Noticed an ogre
  4261 | D:5      | Mangled by an ogre

Skill      XL: |  1  2  3  4  5 |
---------------+----------------+-----
Conjurations   | 5 6 |  6.6
Spellcasting   | 4 |  4.8
Stealth        | 3 |  3.3
Translocations | 1 |  1.1
Dodging        | |  2.7

Action                   |  1- 3 |  4- 6 || total
-------------------------+-------+-------++-------
Melee: Dagger            |     3 |    10 ||    13
 Cast: Magic Dart        |    38 |    35 ||    73
       Searing Ray       |    10 |    12 ||    22
       Force Lance       |       |     7 ||     7
       Confuse           |       |     4 ||     4
       Dazzling Spray    |       |     2 ||     2
  Use: Potion            |       |     2 ||     2
 Stab: Sleeping          |       |     2 ||     2
  Eat: Chunk             |     2 |     3 ||     5
       Ration            |       |     2 ||     2
Armor: Robe              |     3 |     6 ||     9
Dodge: Dodged            |     4 |    23 ||    27
